 Dungeon Crawl Stone Soup version 0.30-a0-782-ge64f9170bb (webtiles) character file.

Game seed: 9528353616361797166

52 timneilson the Covered (level 3, -2/23 HPs)
             Began as a Gargoyle Fighter on Feb 18, 2023.
             Slain by a gnoll
             ... wielding a +0 halberd
              (8 damage)
             ... on level 2 of the Dungeon.
             The game lasted 00:01:30 (727 turns).

timneilson the Covered (Gargoyle Fighter)            Turns: 727, Time: 00:01:31

Health: -2/23      AC: 10    Str: 19    XL:     3   Next: 85%
Magic:  3/3        EV:  9    Int:  8    God:
Gold:   52         SH:  4    Dex: 11    Spells: 2/2 levels left

rFire   . . .      SeeInvis .    a - +0 long sword
rCold   . . .      Faith    .    c - +0 buckler
rNeg    + . .      Spirit   .    b - +0 scale mail
rPois   ∞          Reflect  .    (no helmet)
rElec   +          Harm     .    (no cloak)
rCorr   .          Rampage  .    (no gloves)
Will    .....                    (no boots) Stlth
                                 (no amulet)
HPRegen 0.23/turn                (no ring)
MPRegen 0.08/turn                (no ring)

@: mighty, flying
A: sickness immunity, AC +3, negative energy resistance 1, electricity
resistance, torment resistance 1, petrification resistance
a: no special abilities


You were on level 2 of the Dungeon.
You visited 1 branch of the dungeon, and saw 2 of its levels.

You collected 52 gold pieces.

Inventory:

Hand Weapons
 a - a +0 long sword (weapon)
Armour
 b - a +0 scale mail (worn)
 c - a +0 buckler (worn)
Potions
 e - a potion of magic {unknown}
 f - a potion of flight


   Skills:
 + Level 3.5 Fighting
 * Level 2.3 Long Blades
 * Level 3.8 Armour
 + Level 0.6 Dodging
 * Level 3.8 Shields


You had 2 spell levels left.
You didn't know any spells.
Your spell library was empty.

Dungeon Overview and Level Annotations

Branches:
Dungeon (2/15)

Altars:

Annotations:
D:2 Terence


Innate Abilities, Weirdness & Mutations

You are immune to sickness and miasma.
Your stone body is resilient. (AC +3)
You are immune to poison.
You resist negative energy. (rN+)
You are resistant to electric shocks. (rElec)
You are resistant to unholy torment.
You are immune to petrification.


Message History

The gnoll hits you with a +0 flail.
You slash the gnoll!
The gnoll is almost dead.
The gnoll barely misses you.
You closely miss the gnoll.
The gnoll is almost dead.
The gnoll hits you but does no damage. The gnoll hits you with a +0 flail.
You hit the gnoll.
You kill the gnoll!
The quokka closely misses you.
You feel very mighty all of a sudden.
The gnoll hits you from afar with a +0 spear.
The quokka bites you but does no damage.
It was a potion of flight.
You feel very buoyant.
You fly up into the air.
The quokka bites you but does no damage.
The gnoll hits you from afar with a +0 spear.
* * * LOW HITPOINT WARNING * * *
You miss the quokka. You block the quokka's attack.
The gnoll hits you but does no damage. The quokka barely misses you.
You slash the quokka!
You kill the quokka!
The gnoll completely misses you.
The gnoll hits you from afar with a +0 spear.
* * * LOW HITPOINT WARNING * * *
The gnoll hits you but does no damage. x2
Things that are here:
a +0 flail; a gnoll corpse; a hobgoblin corpse You hit the gnoll.
The gnoll is heavily wounded.
The gnoll completely misses you. The gnoll closely misses you.
You slash the gnoll!
You kill the gnoll!
The gnoll misses you.
A goblin comes into view. It is wielding a +0 club.
The goblin shouts!
Terence says, "Did you write a will?
You should..."
The gnoll hits you with a +0 halberd!
You die...

.....#.# .......#
.......####### .
.......#.....# g.
.......#.....# ...
#####..#.....# ....
#..#.....# .....
#####..#.....#####@.....
.......'.....'.)@gg.....
#####..#.....#####......
#..#.....# .....
#..####### .... #..# ...
#..# .. #..# . #..#


You could see Terence, 2 gnolls and a goblin.

Vanquished Creatures
  2 gnolls (D:2)
  A dart slug (D:1)
  4 ball pythons (D:1)
  6 endoplasms (D:1)
  2 giant cockroaches (D:1)
  A goblin (D:1)
  3 hobgoblins
  A kobold (D:1)
  A quokka (D:2)
  2 bats (D:1)
  2 frilled lizards (D:1)
  4 rats (D:1)
29 creatures vanquished.

Notes
Turn   | Place    | Note
-------+----------+-------------------------------------------
     0 | D:1      | timneilson the Gargoyle Fighter began the quest for the
                  | Orb.
     0 | D:1      | Reached XP level 1. HP: 14/14 MP: 1/1
    95 | D:1      | Reached XP level 2. HP: 13/19 MP: 2/2
   409 | D:1      | Reached XP level 3. HP: 16/23 MP: 3/3
   707 | D:2      | Noticed Terence
   727 | D:2      | Slain by a gnoll

Illustrated notes

Levels and vault maps discovered:
D:1:      dpeg_arrival_prison, layout_basic
D:2:      layout_basic, chequers_avenue, minmay_misc_feat_pillars, uniq_terence

Skill      XL: |  1  2 |
---------------+-------+-----
Long Blades    | 2 |  2.3
Fighting       | |  3.5
Armour         | |  3.8
Dodging        | |  0.6
Shields        | |  3.8

Action                     || total
---------------------------++-------
  Melee: Long sword        ||    82
    Use: Potion            ||     3
         Scroll            ||     2
 Armour: Scale mail        ||    43
  Dodge: Dodged            ||    44
  Block: Buckler           ||    24

Table legend: (Time is in decaauts)
 A = Elapsed time spent in this place.
 B = Non-inter-level travel time spent in this place.
 C = Inter-level travel time spent in this place.
 D = Time resting spent in this place.
 E = Time spent auto-exploring this place.
 F = Levels seen in this place.
 G = Mean time per level.
                   A        B        C        D        E       F      G
               +--------+--------+--------+--------+--------+-----+--------+
         Total |    755 |    746 |      9 |     23 |    532 |   2 |  377.5 |
       Dungeon |    755 |    746 |      9 |     23 |    532 |   2 |  377.5 |
               +--------+--------+--------+--------+--------+-----+--------+

Top non-repeatable levels by time:
     D:1: 682 daAuts
     D:2: 72 daAuts
